 Dungeon Crawl Stone Soup version 0.29-a0-321-gf1c400731a (webtiles) character file.

Game seed: 9744783030965408592

676 bande the Covered (level 7, -3/44 HPs)
             Began as a Gargoyle Fighter on Apr 3, 2022.
             Was a Follower of Okawaru.
             Slain by a vampire mosquito (8 damage)
             ... on level 5 of the Dungeon.
             The game lasted 00:06:53 (5158 turns).

bande the Covered (Gargoyle Fighter)                Turns: 5158, Time: 00:06:54

Health: -3/44      AC: 14    Str: 20    XL:     7   Next: 59%
Magic:  8/8        EV:  7    Int:  8    God:    Okawaru [*.....]
Gold:   206        SH:  5    Dex: 11    Spells: 6/6 levels left

rFire   . . .      SeeInvis .   a - +0 war axe
rCold   . . .      Faith    .   c - +1 buckler
rNeg    + . .      Spirit   .   l - +0 chain mail
rPois   ∞          Reflect  .   (no helmet)
rElec   +          Harm     .   (no cloak)
rCorr   .          Rampage  .   (no gloves)
Will    .....                   (no boots)
Stlth   ..........              (no amulet)
HPRegen 0.14/turn               (no ring)
MPRegen 0.11/turn               (no ring)

@: mighty
A: sickness immunity, AC +4, negative energy resistance 1, electricity
resistance, torment resistance 1, petrification resistance
a: Renounce Religion, Heroism


You were on level 5 of the Dungeon.
You worshipped Okawaru.
Okawaru was aware of your devotion.
You visited 2 branches of the dungeon, and saw 6 of its levels.

You collected 206 gold pieces.

Inventory:

Hand Weapons
 a - a +0 war axe (weapon)
 b - a +0 flail
Armour
 c - a +1 buckler (worn)
 l - a +0 chain mail (worn)
Scrolls
 i - a scroll of blinking
 k - a scroll of silence
 o - 3 scrolls of teleportation
Potions
 f - a potion of curing {unknown}
 g - a potion of magic {unknown}
 m - a potion of lignification {unknown}
 n - a potion of brilliance {unknown}
 p - a potion of haste {unknown}
 r - 2 potions of mutation {unknown}


   Skills:
 + Level 4.5 Fighting
 + Level 5.2 Axes
 + Level 5.3 Armour
 + Level 4.2 Shields
 * Level 2.1 Invocations


You had 6 spell levels left.
You didn't know any spells.
Your spell library contained the following spells:

 Spells                   Type           Power      Damage    Failure   Level
 Sandblast                Erth           0%         2d4       99%         1
 Passwall                 Tmut/Erth      0%         N/A       100%        2
 Ozocubu's Armour         Ice            0%         N/A       100%        3
 Stone Arrow              Conj/Erth      0%         3d7       100%        3
 Ozocubu's Refrigeration  Ice            0%         4d5       100%        7


Dungeon Overview and Level Annotations

Branches:
Dungeon (5/15)             Temple (1/1) D:4

Altars:
Dithmenos
Elyvilon
Fedhas
Gozag
Hepliaklqana
Kikubaaqudgha
Makhleb
Nemelex Xobeh
Okawaru
Qazlal
Ru
Trog
Vehumet
Xom
Yredelemnul
Zin
The Shining One


Innate Abilities, Weirdness & Mutations

You are immune to sickness and miasma.
Your stone body is resilient. (AC +4)
You are immune to poison.
You resist negative energy. (rN+)
You are resistant to electric shocks. (rElec)
You are resistant to unholy torment.
You are immune to petrification.


Message History

The vampire mosquito bites you.
The vampire mosquito closely misses you.
The vampire mosquito bites you.
You hit the vampire mosquito.
The vampire mosquito is lightly damaged.
You barely miss the vampire mosquito.
The vampire mosquito bites you but does no damage.
The vampire mosquito barely misses you. x3
You hit the vampire mosquito.
The vampire mosquito is moderately damaged.
You slash the vampire mosquito!
The vampire mosquito bites you but does no damage. x3
The vampire mosquito barely misses you.
You miss the vampire mosquito.
The vampire mosquito is moderately damaged.
You closely miss the vampire mosquito.
You block the vampire mosquito's attack. x2
The vampire mosquito bites you. The vampire mosquito barely misses you.
The vampire mosquito bites you. The vampire mosquito bites you!
* * * LOW HITPOINT WARNING * * *
You feel very mighty all of a sudden.
The vampire mosquito bites you but does no damage.
The vampire mosquito bites you!
* * * LOW HITPOINT WARNING * * *
The vampire mosquito closely misses you.
The vampire mosquito bites you but does no damage.
Unknown command.
You miss the vampire mosquito.
The vampire mosquito is moderately damaged.
You barely miss the vampire mosquito.
The vampire mosquito bites you but does no damage.
The vampire mosquito closely misses you.
The vampire mosquito bites you but does no damage.
You block the vampire mosquito's attack.
You barely miss the vampire mosquito.
The vampire mosquito is moderately damaged.
You barely miss the vampire mosquito. The vampire mosquito barely misses you.
The vampire mosquito bites you but does no damage.
The vampire mosquito bites you!
You die...

#..................#
#.################.#
#.##########.#.....#
#......)............
#..(.....[.....#####
#.#########....
#.#.....# #....
#.yy....# #.... ###
###@#####......
#.######.#...#.##..y
#........#.#.#. #..y
#.########.#.# #.#
###.#.# #.# #...#.#
#.# #.###.# ####.#
#.# #.# #....#
#.###.#


You could see 2 vampire mosquitoes.

Vanquished Creatures
  Grinder (D:4)
  An ogre (D:4)
  3 scorpions
  Natasha (thrice) (D:4)
  4 gnolls (D:2)
  4 adders
  A shadow imp (D:5)
  A worm (D:3)
  2 dart slugs (D:1)
  3 orcs
  2 endoplasms
  7 giant cockroaches
  8 goblins
  7 hobgoblins
  3 quokkas
  8 ball pythons
  5 bats
  A frilled lizard (D:3)
  8 kobolds
  4 rats
76 creatures vanquished.

Notes
Turn   | Place    | Note
-------+----------+-------------------------------------------
     0 | D:1      | bande the Gargoyle Fighter began the quest for the Orb.
     0 | D:1      | Reached XP level 1. HP: 14/14 MP: 1/1
   320 | D:1      | Found a faded altar of an unknown god.
   371 | D:1      | Reached XP level 2. HP: 15/19 MP: 2/2
  1087 | D:2      | Reached XP level 3. HP: 23/23 MP: 3/3
  1156 | D:2      | Reached XP level 4. HP: 26/29 MP: 4/4
  2300 | D:3      | Reached XP level 5. HP: 33/33 MP: 5/5
  3063 | D:4      | Reached XP level 6. HP: 28/38 MP: 6/6
  3288 | D:4      | Noticed Natasha
  3291 | D:4      | Found a staircase to the Ecumenical Temple.
  3295 | D:4      | Killed Natasha
  3305 | Temple   | Entered the Ecumenical Temple
  3581 | Temple   | Became a worshipper of Warmaster Okawaru
  3627 | D:4      | Noticed Natasha
  3634 | D:4      | Killed Natasha
  3747 | D:4      | Noticed Natasha
  3758 | D:4      | Killed Natasha
  3759 | D:4      | Reached skill level 1 in Invocations
  4104 | D:4      | Reached skill level 5 in Armour
  4104 | D:4      | Reached XP level 7. HP: 21/44 MP: 6/8
  4760 | D:4      | Noticed Grinder
  4766 | D:4      | Paralysed by Grinder for 2 turns
  4775 | D:4      | Paralysed by Grinder for 3 turns
  4781 | D:4      | Paralysed by Grinder for 6 turns
  4792 | D:4      | Killed Grinder
  4792 | D:4      | Reached * piety under Okawaru
  4793 | D:4      | Reached skill level 5 in Axes
  5016 | D:5      | Entered Level 5 of the Dungeon
  5120 | D:5      | Noticed a vampire mosquito
  5120 | D:5      | Noticed a vampire mosquito
  5121 | D:5      | Noticed a vampire mosquito
  5158 | D:5      | Slain by a vampire mosquito

Illustrated notes

Levels and vault maps discovered:
D:1:      denvon_arrival_planthouse, layout_rooms, ebering_ecumenical_altar_rust
D:2:      layout_basic, minmay_3d_cube
D:3:      layout_basic
D:4:      layout_gridville, temple_pool_b, grunt_decor_fettered, uniq_natasha,
          uniq_grinder
D:5:      layout_basic, dk_rats_in_the_wall
Temple:   mainiacjoe_temple_cubbyholes

Skill      XL: |  1  2  3  4  5  6  7 |
---------------+----------------------+-----
Armour         | 4 5 |  5.3
Axes           | 2 3 4 5 |  5.2
Fighting       | 4 |  4.5
Shields        | 4 |  4.2
Invocations    | 1 2 |  2.1

Action                   |  1- 3 |  4- 6 |  7- 9 || total
-------------------------+-------+-------+-------++-------
Melee: War axe           |    67 |   172 |    38 ||   277
  Use: Scroll            |     6 |     5 |     1 ||    12
       Potion            |       |       |     2 ||     2
Armor: Scale mail        |    20 |       |       ||    20
       Chain mail        |    17 |   112 |    45 ||   174
Dodge: Dodged            |    25 |    57 |    28 ||   110
Block: Buckler           |    13 |    39 |    13 ||    65

Table legend: (Time is in decaauts)
 A = Elapsed time spent in this place.
 B = Non-inter-level travel time spent in this place.
 C = Inter-level travel time spent in this place.
 D = Time resting spent in this place.
 E = Time spent auto-exploring this place.
 F = Levels seen in this place.
 G = Mean time per level.
                   A        B        C        D        E       F      G
               +--------+--------+--------+--------+--------+-----+--------+
         Total |   5275 |   5211 |     64 |    924 |   3376 |   6 |  879.2 |
       Dungeon |   4965 |   4930 |     35 |    924 |   3121 |   5 |  993.0 |
        Temple |    310 |    281 |     29 |      0 |    255 |   1 |  310.0 |
               +--------+--------+--------+--------+--------+-----+--------+

Top non-repeatable levels by time:
     D:4: 1742 daAuts
     D:2: 1071 daAuts
     D:1: 1006 daAuts
     D:3: 1001 daAuts
  Temple: 310 daAuts
     D:5: 143 daAuts
